 Dungeon Crawl Stone Soup version 0.21.1-1-g345015fe64 (webtiles) character file.

175 Naru the Sneak (level 5, -4/31 HPs)
             Began as a Kobold Assassin on June 14, 2018.
             Slain by a gnoll
             ... wielding a +0 spear
              (5 damage)
             ... on level 3 of the Dungeon.
             The game lasted 00:08:32 (2980 turns).

Naru the Sneak (Kobold Assassin)                    Turns: 2980, Time: 00:08:33

Health: -4/31      AC:  3    Str:  9    XL:     5   Next: 86%
Magic:  0/5        EV: 14    Int: 12    God:
Gold:   147        SH:  0    Dex: 17    Spells: 4/4 levels left

rFire    . . .     SeeInvis .   a - +2 dagger
rCold    . . .     Gourm    .   (shield restricted)
rNeg     . . .     Faith    .   i - +0 leather armour
rPois    .         Spirit   +   (no helmet)
rElec    .         Reflect  .   l - scarf {Spirit}
rCorr    .         Harm     .   (no gloves)
MR       .....                  (no boots)
Stlth    ++++......             (no amulet)
HPRegen  0.10/turn              (no ring)
MPRegen  0.09/turn              (no ring)

@: lethally poisoned (-4 -> -7)
A: small, carnivore
a: no special abilities


You were on level 3 of the Dungeon.
You were not hungry.

You visited 1 branch of the dungeon, and saw 3 of its levels.

You collected 147 gold pieces.

Inventory:

Hand Weapons
 a - a +2 dagger (weapon)
 b - a +0 blowgun
 w - a +0 hunting sling
Missiles
 e - 17 poisoned needles
 f - 2 curare-tipped needles
 j - 33 sling bullets
 q - 53 stones
 y - 6 tomahawks (quivered)
Armour
 d - a +0 cloak
 i - a +0 leather armour (worn)
 l - a scarf of spirit shield (worn)
 n - a cursed -1 buckler
Scrolls
 h - a scroll of immolation {unknown}
 k - 3 scrolls of teleportation {unknown}
 m - 3 scrolls of identify {unknown}
 o - a scroll of amnesia {unknown}
 s - a scroll of enchant weapon {unknown}
 t - a scroll of magic mapping {unknown}
 z - a scroll of enchant armour {unknown}
Potions
 c - a potion of curing {unknown}
 p - a potion of invisibility {unknown}
 r - 2 potions of degeneration {unknown}
 u - a potion of haste {unknown}
 v - a potion of agility {unknown}
 x - 2 potions of mutation {unknown}
 A - a potion of brilliance {unknown}
Comestibles
 g - 3 rations


   Skills:
 * Level 2.7 Fighting
 + Level 3.3 Short Blades
 * Level 3.1 Throwing
 + Level 1.0 Armour
 + Level 1.6 Dodging
 * Level 7.6 Stealth


You had 4 spell levels left.
You didn't know any spells.

Dungeon Overview and Level Annotations

Branches:
Dungeon (3/15)

Altars:
Sif Muna


Innate Abilities, Weirdness & Mutations

You are small and have problems with some larger weapons.
You are carnivorous and can eat meat at any time.


Message History

The adder poisons you!
You closely miss the adder.
The adder is heavily wounded.
You feel sick.
The gnoll hits you from afar with a spear!
* * * LOW HITPOINT WARNING * * *
The adder bites you but does no damage.
You hit the adder.
The adder is severely wounded.
The gnoll misses you. The adder misses you.
You hit the adder.
The adder is severely wounded.
You feel sick.
The gnoll hits you from afar with a spear!
* * * LOW HITPOINT WARNING * * *
The adder barely misses you.
You hit the adder.
You kill the adder!
The gnoll hits you from afar with a spear.
You die...

# #..
..######.####
#..........#
#..........#
###########
#..........#
#..........
#######g####
#.......... #g#
#.......... #†#
####.......
#@####### #.......
#.......# #.......
#######.###.#'####
#.....#.....
###########.


You could see 2 gnolls.

Vanquished Creatures
  A hound (D:3)
  9 adders
  An ooze (D:1)
  A worm (D:3)
  3 dart slugs
  2 leopard geckos
  4 orcs
  A ball python (D:3)
  2 giant cockroaches
  5 goblins
  A hobgoblin (D:3)
  5 kobolds
  6 bats
  4 frilled lizards
  8 rats
53 creatures vanquished.

Notes
Turn   | Place    | Note
-------+----------+-------------------------------------------
     0 | D:1      | Naru the Kobold Assassin began the quest for the Orb.
     0 | D:1      | Reached XP level 1. HP: 12/12 MP: 1/1
   236 | D:1      | Reached XP level 2. HP: 14/17 MP: 2/2
   515 | D:1      | Reached skill level 6 in Stealth
  1070 | D:2      | Reached XP level 3. HP: 21/21 MP: 3/3
  1367 | D:2      | Reached XP level 4. HP: 27/27 MP: 4/4
  1379 | D:2      | Found a deep blue altar of Sif Muna.
  1470 | D:2      | Found a faded altar of an unknown god.
  1484 | D:2      | Reached skill level 7 in Stealth
  1928 | D:3      | Reached XP level 5. HP: 20/31 MP: 3/5
  2879 | D:3      | Reached skill level 1 in Armour
  2979 | D:3      | HP: 1/31 [gnoll/spear (7)]
  2980 | D:3      | Slain by a gnoll

Skill      XL: |  1  2  3  4  5 |
---------------+----------------+-----
Stealth        | 6 7 |  7.6
Short Blades   | 3 |  3.3
Throwing       | 3 |  3.1
Armour         | 1 |  1.0
Fighting       | |  2.7
Dodging        | |  1.6

Action                   |  1- 3 |  4- 6 || total
-------------------------+-------+-------++-------
Melee: Dagger            |    48 |   119 ||   167
 Fire: Blowgun           |       |    12 ||    12
Throw: Tomahawk          |    17 |    10 ||    27
       Stone             |     2 |     5 ||     7
 Stab: Sleeping          |     7 |     5 ||    12
       Distracted        |       |     1 ||     1
  Eat: Chunk             |     2 |     5 ||     7
       Ration            |       |     1 ||     1
Armor: Leather armour    |    11 |    24 ||    35
Dodge: Dodged            |    43 |    95 ||   138
